 Seeded DCSS version 0.29-a0-925-g0a7a3d12f8 (webtiles) character file.

Game seed: 18446744073709551615 (custom seed)

1438 IndoAryan the Slasher (level 9, -7/67 HPs)
             Began as a Human Fighter on July 27, 2022.
             Was a Believer of the Shining One.
             Killed by divine providence
             ... invoked by an orc priest
              (12 damage)
             ... on level 7 of the Dungeon on July 29, 2022.
             The game lasted 00:11:33 (7340 turns).

IndoAryan the Slasher (Human Fighter)               Turns: 7340, Time: 00:11:33

Health: -7/67      AC: 13    Str: 26    XL:     9   Next: 3%
Magic:  11/11      EV:  7    Int:  9    God:    the Shining One [**....]
Gold:   280        SH: 16    Dex: 13    Spells: 8/8 levels left

rFire   . . .      SeeInvis .   a - +0 long sword
rCold   . . .      Faith    .   s - +0 kite shield
rNeg    + . .      Spirit   .   m - +0 chain mail
rPois   .          Reflect  .   v - +0 helmet
rElec   .          Harm     .   (no cloak)
rCorr   .          Rampage  .   n - +0 pair of gloves
Will    .....                   E - +0 pair of boots
Stlth   ..........              (no amulet)
HPRegen 0.21/turn               l - ring of willpower
MPRegen 0.12/turn               z - +6 ring of strength

@: divinely shielded, weak-willed, glowing
A: no striking features
a: Renounce Religion, Divine Shield


You were on level 7 of the Dungeon.
You worshipped the Shining One.
The Shining One was pleased with you.
You visited 1 branch of the dungeon, and saw 7 of its levels.

You collected 280 gold pieces.

Inventory:

Hand Weapons
 a - a +0 long sword (weapon)
 p - a +3 great sword
 q - a +2 sling of freezing
 u - a +0 whip of venom
 w - a +0 falchion
Armour
 b - a +0 scale mail
 c - a +0 buckler
 j - a +0 kite shield
 m - a +0 chain mail (worn)
 n - a +0 pair of gloves (worn)
 s - a +0 kite shield (worn)
 v - a +0 helmet (worn)
 E - a +0 pair of boots (worn)
Jewellery
 l - a ring of willpower (left hand)
 z - a +6 ring of strength (right hand)
Wands
 r - a wand of paralysis (13)
 y - a wand of roots (13)
Scrolls
 e - a scroll of vulnerability
 i - a scroll of summoning {unknown}
 k - a scroll of magic mapping
 t - a scroll of immolation {unknown}
 x - 2 scrolls of noise {unknown}
 B - 2 scrolls of blinking {unknown}
 D - a scroll of fear {unknown}
 F - 2 scrolls of identify
 H - 2 scrolls of fog {unknown}
 I - 3 scrolls of teleportation {unknown}
 J - a scroll of enchant armour {unknown}
 L - a scroll of enchant weapon
Potions
 d - a potion of invisibility
 f - 2 potions of degeneration {unknown}
 h - 2 potions of haste {unknown}
 o - a potion of resistance {unknown}
 A - a potion of magic {unknown}
 G - 2 potions of berserk rage {unknown}
 K - 2 potions of curing {unknown}


   Skills:
 * Level 4.9 Fighting
 * Level 6.8 Long Blades
 + Level 5.0 Armour
 + Level 2.6 Dodging
 + Level 0.3 Stealth
 + Level 4.7 Shields
 * Level 3.6 Invocations


You had 8 spell levels left.
You didn't know any spells.
Your spell library was empty.

Dungeon Overview and Level Annotations

Branches:
Dungeon (7/15)             Temple (0/1) D:7

Altars:
Nemelex Xobeh
The Shining One


Message History

You barely miss the orc warrior.
The orc warrior is heavily wounded.
You feel less invigorated.
You feel less confused.
The orc priest invokes the aid of Beogh against you.
Beogh smites you!
* * * LOW HITPOINT WARNING * * *
You block the orc warrior's attack.
You slash the orc warrior!
The orc warrior is almost dead.
You block the orc warrior's attack.
You hit the orc warrior but do no damage.
The orc warrior is severely wounded.
The orc priest calls upon Beogh to heal the orc warrior.
The orc warrior is healed somewhat.
The orc warrior hits you with a +0 long sword.
* * * LOW HITPOINT WARNING * * *
You block the orc warrior's attack.
You hit the orc warrior but do no damage.
The orc warrior is severely wounded.
You block the orc warrior's attack.
You hit the orc warrior but do no damage.
The orc warrior is severely wounded.
You block the orc warrior's attack.
You barely miss the orc warrior.
The orc warrior is severely wounded.
You block the orc warrior's attack.
As you read the scroll labelled OPLUDGH BEHOISA, it crumbles to dust.
You feel aware of your surroundings.
It was a scroll of magic mapping.
The orc warrior hits you with a +0 long sword!
* * * LOW HITPOINT WARNING * * *
As you read the scroll labelled WINLONUUNA, it crumbles to dust.
Magic quickly surges around you.
It was a scroll of vulnerability.
The orc warrior hits you but does no damage.
Okay, then.
You hit the orc warrior.
The orc warrior is severely wounded.
The orc priest invokes the aid of Beogh against you.
Beogh smites you!
You die...

,,,,,,,,,,,,,,,,,**,#..,,,,*
,,,*,,,,,,,,,,,****,#.#*****
,,,*****,.,,,,,* *,#.# ,,,*
*,..,,,,****,#.# ,,,*
*,...,,,,,,,,#.# ,,,*
*,....,,**####.###### ,,,*
*,.....,* #........[# ,,,*
*,.....o###.##.####.# ****
*,....5oo@..##.# *,*
********,......######.####.#
,,,,,,,,,..................#
*********####*#######<######
###


You could see an orc warrior (weak-willed), an orc priest (weak-willed), an orc
wizard (invisible, weak-willed) and a white imp.

Vanquished Creatures
  A wraith (D:5)
  An ice beast (D:4)
  A black bear (D:6)
  A sky beast (D:6)
  A phantom (D:6)
  A bullfrog (D:6)
  3 scorpions
  A gnoll sergeant (D:6)
  2 jellies (D:4)
  2 hounds
  An orc priest (D:6)
  2 orc wizards
  4 iguanas
  Robin (D:3)
  16 gnolls
  8 adders
  A shadow imp (D:6)
  3 ufetubi
  A dart slug (D:2)
  10 orcs
  A ball python (D:3)
  6 endoplasms
  4 giant cockroaches
  13 goblins
  10 hobgoblins
  A quokka (D:4)
  7 bats
  2 frilled lizards (D:3)
  5 kobolds
  5 rats
115 creatures vanquished.

Notes
Turn   | Place    | Note
-------+----------+-------------------------------------------
     0 | D:1      | IndoAryan the Human Fighter began the quest for the Orb.
     0 | D:1      | Reached XP level 1. HP: 18/18 MP: 1/1
     0 | D:1      | Upgraded the game from 0.29-a0-923-g6e406bff71 to
                  | 0.29-a0-925-g0a7a3d12f8
   120 | D:1      | Found a faded altar of an unknown god.
   123 | D:1      | Prayed at the altar of an unknown god.
   123 | D:1      | Became a worshipper of the Shining One
   123 | D:1      | Reached * piety under the Shining One
   458 | D:1      | Reached XP level 2. HP: 24/24 MP: 2/2
   995 | D:2      | Reached XP level 3. HP: 11/29 MP: 3/3
  1001 | D:2      | Reached skill level 1 in Dodging
  1006 | D:2      | Reached XP level 4. HP: 9/35 MP: 0/4
  2255 | D:3      | Reached skill level 3 in Long Blades
  2300 | D:3      | Reached XP level 5. HP: 36/41 MP: 5/5
  2365 | D:3      | Noticed Robin
  2371 | D:3      | Killed Robin
  2883 | D:3      | Found a sparkling altar of Nemelex Xobeh.
  3407 | D:4      | Reached skill level 1 in Invocations
  3486 | D:4      | Reached skill level 4 in Long Blades
  3486 | D:4      | Reached XP level 6. HP: 42/47 MP: 7/7
  4052 | D:4      | Reached XP level 7. HP: 23/53 MP: 8/8
  4299 | D:4      | Reached skill level 5 in Long Blades
  4600 | D:5      | Entered Level 5 of the Dungeon
  5382 | D:5      | Noticed a wraith
  5403 | D:5      | Killed a wraith
  5404 | D:5      | Reached XP level 8. HP: 50/61 MP: 9/9
  5815 | D:5      | Reached skill level 6 in Long Blades
  6501 | D:6      | Reached ** piety under the Shining One
  7134 | D:6      | Reached skill level 5 in Armour
  7134 | D:6      | Reached XP level 9. HP: 53/67 MP: 11/11
  7340 | D:7      | Killed from afar by an orc priest

Illustrated notes

Levels and vault maps discovered:
D:1:      dpeg_arrival_brainrot, layout_loops_ring,
          shapermc_ecumenical_altar_mp_vishouse
D:2:      minmay_inner_zag, layout_loops_ring
D:3:      layout_loops_ring, nemelex_diamond_rough_becter, uniq_robin
D:4:      layout_basic
D:5:      layout_basic
D:6:      layout_loops_ring
D:7:      layout_basic, minmay_temple_entry_trees

Skill      XL: |  1  2  3  4  5  6  7  8 |
---------------+-------------------------+-----
Dodging        | 1 2 |  2.6
Long Blades    | 3 4 5 6 |  6.8
Invocations    | 1 2 3 |  3.6
Armour         | 4 5 |  5.0
Fighting       | 4 |  4.9
Shields        | 4 |  4.7
Stealth        | |  0.3

Action                   |  1- 3 |  4- 6 |  7- 9 || total
-------------------------+-------+-------+-------++-------
Melee: Long sword        |    41 |   153 |   286 ||   480
Invok: Divine Shield     |     1 |     2 |     5 ||     8
  Use: Potion            |     1 |     1 |     6 ||     8
       Scroll            |       |     5 |     4 ||     9
Armor: Scale mail        |     6 |       |       ||     6
       Chain mail        |    12 |    66 |   158 ||   236
       Skin              |       |       |    13 ||    13
Dodge: Dodged            |    19 |    37 |    90 ||   146
Block: Buckler           |     9 |     6 |       ||    15
       Kite shield       |       |    56 |   181 ||   237

Table legend: (Time is in decaauts)
 A = Elapsed time spent in this place.
 B = Non-inter-level travel time spent in this place.
 C = Inter-level travel time spent in this place.
 D = Time resting spent in this place.
 E = Time spent auto-exploring this place.
 F = Levels seen in this place.
 G = Mean time per level.
                   A        B        C        D        E       F      G
               +--------+--------+--------+--------+--------+-----+--------+
         Total |   7506 |   7317 |    189 |      0 |   6228 |   7 | 1072.3 |
       Dungeon |   7506 |   7317 |    189 |      0 |   6228 |   7 | 1072.3 |
               +--------+--------+--------+--------+--------+-----+--------+

Top non-repeatable levels by time:
     D:4: 1579 daAuts
     D:2: 1361 daAuts
     D:6: 1326 daAuts
     D:5: 1165 daAuts
     D:3: 1115 daAuts
     D:1: 903 daAuts
     D:7: 53 daAuts
